[Event "Team 45 45 League T99"]
[Site "Internet Chess Club"]
[Date "2024.03.02"]
[Round "3"]
[White "garytd"]
[Black "sdcohle"]
[Result "1/2-1/2"]
[WhiteElo "1468"]
[BlackElo "1349"]
[Opening "French: Tarrasch"]
[ECO "C03"]
[Time "13:00:28"]
[PlyCount "125"]
[TimeControl "2700+45"]

1. e4 e6 2. d4 d5 3. Nd2 dxe4 4. Nxe4 Nc6 5. Nf3 Be7 6. Bb5 Bd7 7. c3 Nf6 8. Bd3
O-O 9. O-O Nxe4 10. Bxe4 Bf6 11. Qc2 h6 12. Bf4 Rb8 13. Rfd1 Re8 14. d5 exd5 15.
Bxd5 Qc8 16. Re1 Ne7 17. Be4 Nc6 18. h3 Ne7 19. Re2 Bf5 20. Rae1 Bxe4 21. Rxe4
Qd7 22. Ne5 Bxe5 23. Bxe5 Ng6 24. Bd4 b6 25. b4 Qc6 26. R1e2 Rxe4 27. Rxe4 Re8
28. Rxe8+ Qxe8 29. Qd2 Qd7 30. Qe3 a6 31. Qf3 Qc8 32. Qe4 c5 33. Be3 cxb4 34.
cxb4 b5 35. Bd4 Qc1+ 36. Kh2 Qc7+ 37. g3 Qc4 38. a3 Qb3 39. Qa8+ Kh7 40. Qxa6
Qd5 41. Qb6 Qf5 42. Qa5 Nh4 43. gxh4 Qf4+ 44. Kg2 Qe4+ 45. Kg3 Qxd4 46. Qxb5
Qd6+ 47. Kg2 Qg6+ 48. Kf3 Qf6+ 49. Kg4 Qg6+ 50. Kf4 Qg2 51. Qf5+ Kg8 52. Ke3 Qc6
53. b5 Qc1+ 54. Kd4 Qb2+ 55. Kc4 Qxa3 56. b6 Qa4+ 57. Kc3 Qc6+ 58. Kd2 Qxb6 59.
Qc8+ Kh7 60. Qf5+ Kg8 61. Qc8+ Kh7 62. Qf5+ Kg8 63. Qc8+ {Game drawn by
repetition} 1/2-1/2

[Event "Team 45 45 League T99"]
[Site "Internet Chess Club"]
[Date "2024.03.03"]
[Round "3"]
[White "Visin"]
[Black "seattleblues"]
[Result "1-0"]
[WhiteElo "1220"]
[BlackElo "1324"]
[Opening "King's pawn opening"]
[ECO "B07"]
[Time "07:00:37"]
[PlyCount "27"]
[TimeControl "2700+45"]

1. e4 d6 2. Bc4 Nf6 3. Nc3 Nxe4 4. Qf3 e6 5. Qxe4 d5 6. Bxd5 Be7 7. Bb3 O-O 8.
Nf3 Nc6 9. d3 Rb8 10. Bd2 Na5 11. O-O b6 12. Qe2 Nxb3 13. axb3 Bb7 14. Rxa7
{Black resigns} 1-0

[Event "Team 45 45 League T99"]
[Site "Internet Chess Club"]
[Date "2024.03.01"]
[Round "3"]
[White "ticktockman"]
[Black "tamky70"]
[Result "1-0"]
[WhiteElo "1096"]
[BlackElo "1277"]
[Opening "French defense"]
[ECO "C00"]
[Time "19:10:30"]
[PlyCount "39"]
[TimeControl "2700+45"]

1. e4 e6 2. Bc4 Nc6 3. Nf3 Nge7 4. O-O Ng6 5. d3 h6 6. a3 Nce5 7. Ba2 Nxf3+ 8.
Qxf3 Bd6 9. h3 O-O 10. Nd2 b6 11. Qd1 Bb7 12. Nf3 e5 13. b4 Nh4 14. Nxh4 Qxh4
15. Qf3 Qe7 16. Qg3 Kh8 17. f4 exf4 18. Bxf4 Be5 19. Bxe5 Qxe5 20. Qxe5 {Black
resigns} 1-0

[Event "Team 45 45 League T99"]
[Site "Internet Chess Club"]
[Date "2024.02.29"]
[Round "3"]
[White "Electryon"]
[Black "Kingofknights"]
[Result "1/2-1/2"]
[WhiteElo "1548"]
[BlackElo "1471"]
[Opening "Queen's pawn game, Darooha variation "]
[ECO "D02"]
[Time "11:34:04"]
[PlyCount "100"]
[TimeControl "2700+45"]

1. d4 Nf6 2. Nf3 d5 3. Nbd2 c6 4. e3 Bf5 5. Bd3 Bxd3 6. cxd3 e6 7. O-O c5 8.
dxc5 Bxc5 9. Qc2 Bd6 10. e4 dxe4 11. dxe4 Nc6 12. Nc4 Be7 13. Rd1 Qc7 14. Bg5 h6
15. Bh4 O-O 16. Bg3 Qc8 17. Rac1 Rd8 18. Qe2 Rxd1+ 19. Rxd1 Qf8 20. e5 Nd5 21.
a3 Rd8 22. Rc1 Rd7 23. Nfd2 Nd4 24. Qg4 Nf5 25. Ne4 Rc7 26. Qd1 Qd8 27. b4 Nxg3
28. hxg3 b5 29. Ncd6 Rxc1 30. Qxc1 f5 31. Nc5 Bxd6 32. exd6 Qxd6 33. Qe1 e5 34.
Qe2 a6 35. Qh5 Nf6 36. Qxf5 a5 37. Qe6+ Qxe6 38. Nxe6 axb4 39. axb4 Nd5 40. Kf1
Nxb4 41. Nc7 Kf7 42. Nxb5 g5 43. Ke2 Ke6 44. Ke3 Nd5+ 45. Ke4 Nf6+ 46. Ke3 h5
47. f4 exf4+ 48. gxf4 g4 49. Nd4+ Kd5 50. Nf5 Ke6 {Game drawn by mutual
agreement} 1/2-1/2

[Event "Team 45 45 League T99"]
[Site "Internet Chess Club"]
[Date "2024.02.29"]
[Round "3"]
[White "Constrictor"]
[Black "BrerRabbit"]
[Result "1-0"]
[WhiteElo "1408"]
[BlackElo "1263"]
[Opening "Queen's pawn game, Darooha variation "]
[ECO "D02"]
[Time "19:03:30"]
[PlyCount "45"]
[TimeControl "2700+45"]

1. Nf3 d5 2. d4 Nf6 3. g3 e6 4. c4 dxc4 5. Qa4+ Bd7 6. Qxc4 Be7 7. Bg2 Na6 8.
O-O c5 9. Ne5 Qc8 10. Nc3 Rb8 11. Nxd7 Qxd7 12. dxc5 Bxc5 13. Rd1 Qe7 14. Qb5+
Kf8 15. Bf4 Nc7 16. Qd3 g6 17. Be5 Kg7 18. Ne4 Rhd8 19. Qf3 Rxd1+ 20. Rxd1 Nd5
21. Rxd5 Kg8 22. Nxf6+ Kf8 23. Rd7 {Black resigns} 1-0

[Event "Team 45 45 League T99"]
[Site "Internet Chess Club"]
[Date "2024.03.03"]
[Round "3"]
[White "Ostap-Bender"]
[Black "rjhoro"]
[Result "1-0"]
[WhiteElo "1244"]
[BlackElo "1221"]
[Opening "QGD semi-Slav: 5.e3"]
[ECO "D45"]
[Time "19:00:40"]
[PlyCount "61"]
[TimeControl "2700+45"]

1. d4 d5 2. Nf3 Nf6 3. e3 e6 4. c4 c6 5. Nc3 Bd6 6. Bd3 O-O 7. O-O Nbd7 8. Qc2
b6 9. cxd5 cxd5 10. Bd2 Bb7 11. Rac1 Rc8 12. Qb3 a6 13. Ne2 Re8 14. Rxc8 Bxc8
15. Rc1 Bb7 16. Bb4 Bxb4 17. Qxb4 Qe7 18. Qxe7 Rxe7 19. Rc7 Kf8 20. Rxb7 e5 21.
Bxa6 exd4 22. Nexd4 Nc5 23. Rxe7 Kxe7 24. Bb5 Nfe4 25. Kf1 f6 26. Ke2 g6 27. Nd2
Nd6 28. b4 Nxb5 29. Nxb5 Na4 30. Nb3 Nc3+ 31. Nxc3 {Black resigns} 1-0

[Event "Team 45 45 League T99"]
[Site "Internet Chess Club"]
[Date "2024.03.04"]
[Round "3"]
[White "Toalla"]
[Black "stantheman59"]
[Result "0-1"]
[WhiteElo "1093"]
[BlackElo "1185"]
[Opening "Queen's pawn, Mason variation"]
[ECO "D00"]
[Time "19:05:41"]
[PlyCount "92"]
[TimeControl "2700+45"]

1. d4 d5 2. Bf4 Bf5 3. e3 a6 4. Nf3 Nf6 5. h3 Nc6 6. c3 Ne4 7. Ne5 Nxe5 8. Bxe5
c5 9. Bd3 cxd4 10. exd4 f6 11. Bxe4 Bxe4 12. Bg3 Bxg2 13. Rh2 Be4 14. f3 Bf5 15.
Nd2 Rc8 16. Nf1 Bd7 17. Ne3 e6 18. Re2 Bb5 19. Rg2 g5 20. a4 Bd7 21. f4 Rg8 22.
Qh5+ Ke7 23. Qxh7+ Bg7 24. Ng4 Qf8 25. Qd3 Rh8 26. Bh2 f5 27. Ne5 Bxe5 28. dxe5
g4 29. hxg4 Rg8 30. g5 Qe8 31. b3 Bc6 32. Rd2 Rc7 33. Bg1 Qh5 34. Bc5+ Kf7 35.
Qe2 Qh4+ 36. Qf2 Qh1+ 37. Qg1 Rh8 38. O-O-O Qxg1 39. Rxg1 Kg6 40. c4 dxc4 41.
Rd6 cxb3 42. Rxe6+ Kf7 43. Rf6+ Kg7 44. a5 Be4 45. Kb2 Rxc5 46. Rc1 Rh2+ {White
resigns} 0-1